 Dungeon Crawl Stone Soup version 0.24-a0-584-g9d6b971ae4 (webtiles) character file.

Game seed: 9246200891167406477, levelgen mode: deterministic

12049 Arang the Cleaver (level 12, -7/91 HPs)
             Began as a Formicid Fighter on Sept 2, 2019.
             Was an Elder of Makhleb.
             Killed from afar by a deep elf mage (26 damage)
             ... with a bolt of fire
             ... in a bailey.
             The game lasted 00:38:19 (10969 turns).

Arang the Cleaver (Formicid Fighter)               Turns: 10969, Time: 00:38:20

Health: -7/91      AC: 16    Str: 24    XL:     12   Next: 15%
Magic:  15/15      EV:  6    Int: 10    God:    Makhleb [****..]
Gold:   782        SH: 11    Dex: 10    Spells: 11/11 levels left

rFire    . . .     SeeInvis +   a - +3 broad axe (elec)
rCold    . . .     Gourm    +   c - +0 shield
rNeg     . . .     Faith    .   F - +0 plate armour
rPois    .         Spirit   .   (helmet unavailable)
rElec    .         Reflect  .   (no cloak)
rCorr    .         Harm     .   (no gloves)
MR       +....                  j - +1 pair of boots
Stlth    ..........             l - amulet of the gourmand
HPRegen  0.25/turn              (no ring)
MPRegen  0.14/turn              (no ring)

@: no status effects
A: permanent stasis, dig shafts and tunnels, four strong arms, antennae 3,
mutation resistance 1
a: Dig, Shaft Self, Minor Destruction, Lesser Servant of Makhleb, Major
Destruction, Renounce Religion


You were in a bailey.
You worshipped Makhleb.
Makhleb was greatly pleased with you.
You were very full.

You visited 1 branch of the dungeon, and saw 11 of its levels.
You also visited: Ossuary and Bailey.

You collected 782 gold pieces.

Inventory:

Hand Weapons
 a - a +3 broad axe of electrocution (weapon)
 b - a +2 hand axe of flaming
 I - a cursed -2 spear
Missiles
 p - 38 poisoned darts (quivered)
 q - 7 javelins
 x - 2 boomerangs
 A - 5 silver javelins
Armour
 c - a +0 shield (worn)
 j - a +1 pair of boots (worn)
 B - a +0 chain mail
 F - a +0 plate armour (worn)
Jewellery
 g - an uncursed ring of fire
 l - an amulet of the gourmand (around neck)
Wands
 i - a wand of iceblast (15)
 k - a wand of paralysis (3)
 E - a wand of enslavement (9)
 G - a wand of random effects (18)
 K - a wand of flame (21)
Scrolls
 e - 10 scrolls of remove curse
 h - a scroll of noise
 m - 2 scrolls of fog
 n - 2 scrolls of identify
 o - 2 scrolls of magic mapping
 s - a scroll of amnesia
 u - a scroll of summoning {unknown}
 y - a scroll of enchant armour
Potions
 d - 2 potions of might
 r - 6 potions of flight
 v - 5 potions of curing
 w - 2 potions of magic
 z - 2 potions of brilliance
 C - 3 potions of agility
 D - 4 potions of invisibility
Comestibles
 f - 25 rations
 t - 3 chunks of flesh


   Skills:
 - Level 7.3 Fighting
 + Level 13.3 Axes
 - Level 3.2 Throwing
 + Level 9.8 Armour
 - Level 0.1 Stealth
 - Level 6.8 Shields
 - Level 5.0 Invocations


You had 11 spell levels left.
You didn't know any spells.
Your spell library contained the following spells:

 Spells                   Type           Power        Failure   Level  Hunger
 Animate Skeleton         Necr           N/A          100%        1    ##.....
 Apportation              Tloc           #.....       100%        1    ##.....
 Confusing Touch          Hex            #.....       100%        1    ##.....
 Corona                   Hex            #......      100%        1    ##.....
 Summon Small Mammal      Summ           #...         100%        1    ##.....
 Ensorcelled Hibernation  Hex/Ice        #.....       100%        2    ###....
 Confuse                  Hex            #.......     100%        3    ####...
 Dazzling Spray           Conj/Hex       #.....       100%        3    ####...
 Tukima's Dance           Hex            #.......     100%        3    ####...
 Cause Fear               Hex            #.........   100%        4    #####..
 Silence                  Hex/Air        #.........   100%        5    ######.
 Yara's Violent Unravell  Hex/Tmut       #.........   100%        5    ######.
 Deflect Missiles         Chrm/Air       #.........   100%        6    #######
 Discord                  Hex            #.........   100%        8    #######


Dungeon Overview and Level Annotations

Branches:
Dungeon (11/15)            Temple (0/1) D:7            Lair (0/6) D:8
Ossuary (visited)          Bailey (1/1)
    Orc: D:9-12

Altars:
Ashenzari
Fedhas
Hepliaklqana
Makhleb
Nemelex Xobeh
Ru
Sif Muna
Vehumet

Annotations:
D:6 3 runed translucent doors, exclusion: 2 downstairs, bmj180's ghost, novice HOFi
D:7 Harold
D:8 exclusion: downstairs


Innate Abilities, Weirdness & Mutations

You cannot be hasted, slowed, berserked, paralysed or teleported.
You can dig through walls and to a lower floor.
Your four strong arms can wield two-handed weapons with a shield.
You have a pair of large antennae on your head. (SInv)
You are somewhat resistant to further mutation.


Message History

The deep elf mage blinks!
You block the deep elf mage's attack.
You slash the deep elf mage!
The deep elf mage is moderately wounded.
The deep elf mage hits you but does no damage.
You barely miss the deep elf mage.
The deep elf mage is moderately wounded.
The deep elf mage mumbles some strange words.
Your plate armour prevents you from hitting the deep elf mage.
The deep elf mage is moderately wounded.
You completely miss the fire elemental. The fire elemental barely misses you.
The deep elf mage hits you but does no damage.
Unknown command.
You barely miss the deep elf mage.
The deep elf mage is moderately wounded.
Your plate armour prevents you from hitting the fire elemental.
You block the fire elemental's attack.
The deep elf mage gestures at you while chanting.
The bolt of fire hits you!!
You die...

##...######
#..∩..##..##
#.....#....#
..
##...##....#
.######'##..##
##...###☼..###
#.....#.☼...#
#.....#eEE..#
{
#..°..#.@...#
{ #...)#..).##
#'#####
#...)#☼...#
#..... e....#
#..... .....#
#..... .....#
##...# #...##
.### ###.


You could see a deep elf mage and 2 fire elementals.

Vanquished Creatures
  A hydra (D:9)
  2 two-headed ogres
  An ugly thing (D:7)
  6 deep elf magi
  A gargoyle (D:10)
  A komodo dragon (D:8)
  2 dream sheep (D:9)
  A hornet (D:10)
  A hippogriff (D:9)
  Sigmund (D:2)
  2 yaks (D:9)
  A hungry ghost (D:7)
  Menkaure (D:5)
  2 black bears
  4 ice beasts
  3 sky beasts
  A necrophage (D:10)
  2 orc warriors
  3 phantoms (D:9)
  2 ogres
  5 centaurs
  An elf zombie (Ossuary)
  6 big kobolds
  A gnoll sergeant (D:8)
  2 wyvern zombies (D:9)
  5 bullfrogs
  2 scorpions
  A wyvern skeleton (D:6)
  3 killer bees
  4 howler monkeys
  A centaur zombie (D:3)
  2 crimson imps
  An orc priest (D:6)
  6 hounds
  2 human zombies (Ossuary)
  Ijyb (D:5)
  A centaur skeleton (D:10)
  Terence (D:2)
  An iguana (D:9)
  8 orc wizards
  A killer bee zombie (D:5)
  6 worker ants
  A hound zombie (Ossuary)
  4 mummies (Ossuary)
  2 worker ant zombies
  7 gnolls
  8 adders
  3 shadow imps
  A white imp (D:5)
  3 oozes
  An adder skeleton (D:4)
  2 adder zombies
  4 dart slugs
  3 leopard geckos
  22 orcs
  6 bats
  8 giant cockroaches
  2 gnoll zombies (Ossuary)
  10 goblins
  6 hobgoblins
  9 jackals (D:3)
  20 kobolds
  6 quokkas
  4 ball pythons
  2 frilled lizards
  A goblin zombie (Ossuary)
  2 hobgoblin zombies (Ossuary)
  A jackal zombie (Ossuary)
  A quokka skeleton (D:4)
  3 rats
  2 rat zombies (Ossuary)
243 creatures vanquished.

Vanquished Creatures (collateral kills)
  A two-headed ogre (D:10)
  An orc priest (D:10)
  2 orc wizards (D:10)
  An iguana (D:10)
  An adder (D:9)
  2 orcs (D:10)
  A kobold (D:10)
9 creatures vanquished.

Vanquished Creatures (others)
  A deep elf mage (Bailey)
  2 plants (D:8)
3 creatures vanquished.

Grand Total: 255 creatures vanquished

Notes
Turn   | Place    | Note
-------+----------+-------------------------------------------
     0 | D:1      | Arang the Formicid Fighter began the quest for the Orb.
     0 | D:1      | Reached XP level 1. HP: 18/18 MP: 1/1
    95 | D:1      | Reached XP level 2. HP: 24/24 MP: 2/2
   259 | D:1      | Reached XP level 3. HP: 29/30 MP: 3/3
   655 | D:2      | Reached skill level 3 in Axes
   655 | D:2      | Reached XP level 4. HP: 30/37 MP: 4/4
   712 | D:2      | Found a burning altar of Makhleb.
   735 | D:2      | Became a worshipper of Makhleb the Destroyer
   857 | D:2      | Noticed Sigmund
   863 | D:2      | Killed Sigmund
   863 | D:2      | Reached skill level 4 in Axes
   863 | D:2      | Reached XP level 5. HP: 42/43 MP: 5/5
   863 | D:2      | Reached XP level 6. HP: 48/49 MP: 6/6
   966 | D:2      | Noticed Terence
   981 | D:2      | Killed Terence
  1349 | D:3      | Found a shattered altar of Ashenzari.
  1355 | D:3      | Reached * piety under Makhleb
  1402 | D:3      | Reached skill level 5 in Axes
  2054 | D:4      | Reached XP level 7. HP: 49/55 MP: 7/7
  2780 | D:4      | Reached skill level 5 in Armour
  3120 | D:4      | Reached skill level 5 in Fighting
  3233 | D:5      | Entered Level 5 of the Dungeon
  3251 | D:5      | Reached skill level 1 in Throwing
  3386 | D:5      | Found a sand-covered staircase.
  3393 | Ossuary  | Entered an ossuary
  3420 | Ossuary  | Reached XP level 8. HP: 56/62 MP: 8/8
  3449 | Ossuary  | Reached skill level 6 in Axes
  3470 | Ossuary  | Reached ** piety under Makhleb
  3490 | Ossuary  | Reached skill level 5 in Shields
  3734 | D:5      | Noticed Ijyb
  3749 | D:5      | Killed Ijyb
  3749 | D:5      | Reached skill level 1 in Invocations
  4112 | D:5      | Noticed Menkaure
  4125 | D:5      | Killed Menkaure
  4417 | D:5      | Reached skill level 7 in Axes
  4472 | D:6      | Reached XP level 9. HP: 55/68 MP: 9/11
  4628 | D:6      | Found a runed translucent gate.
  4628 | D:6      | Found a runed translucent gate.
  4628 | D:6      | Found a runed translucent gate.
  4637 | D:6      | Noticed bmj180's ghost (novice HOFi)
  4823 | D:6      | Found a radiant altar of Vehumet.
  4871 | D:6      | Reached skill level 8 in Axes
  5224 | D:7      | Noticed a green ugly thing
  5246 | D:7      | Killed a green ugly thing
  5597 | D:7      | Reached XP level 10. HP: 56/76 MP: 13/13
  5765 | D:7      | Found a staircase to the Ecumenical Temple.
  5910 | D:7      | Noticed a two-headed ogre
  6587 | D:7      | Reached skill level 5 in Invocations
  6795 | D:8      | Noticed Harold
  7022 | D:8      | Reached *** piety under Makhleb
  7229 | D:8      | Reached skill level 9 in Axes
  7328 | D:8      | Found a staircase to the Lair.
  7329 | D:8      | Noticed a komodo dragon
  7380 | D:8      | Killed a komodo dragon
  8121 | D:9      | Found a hazy altar of Hepliaklqana.
  8819 | D:9      | Noticed a two-headed ogre
  8834 | D:9      | HP: 3/79 [poisoned by an adder]
  8842 | D:9      | HP: 3/79 [poisoned by an adder]
  9251 | D:9      | Killed a two-headed ogre
  9251 | D:9      | Reached skill level 10 in Axes
  9334 | D:9      | Found a blossoming altar of Fedhas.
  9335 | D:9      | Found a shimmering blue altar of Sif Muna.
  9338 | D:9      | Found a sacrificial altar of Ru.
  9341 | D:9      | Found a burning altar of Makhleb.
  9360 | D:9      | Found a sparkling altar of Nemelex Xobeh.
  9532 | D:9      | Reached XP level 11. HP: 84/84 MP: 14/14
  9573 | D:9      | Noticed a three-headed hydra
  9579 | D:9      | Killed a one-headed hydra
  9579 | D:9      | Reached skill level 11 in Axes
  9921 | D:10     | Entered Level 10 of the Dungeon
  9958 | D:10     | Noticed a deep elf mage
  9966 | D:10     | Killed a deep elf mage
  9977 | D:10     | Noticed a two-headed ogre
  9982 | D:10     | Killed a two-headed ogre
 10012 | D:10     | Reached skill level 12 in Axes
 10034 | D:10     | Reached **** piety under Makhleb
 10099 | D:10     | Noticed a two-headed ogre
 10107 | D:10     | Killed a two-headed ogre
 10731 | D:10     | Gained mutation: You are somewhat resistant to further
                  | mutation. [potion of mutation]
 10766 | D:11     | Found a flagged portal.
 10787 | Bailey   | Entered a bailey
 10795 | Bailey   | Noticed a deep elf mage
 10807 | Bailey   | Killed a deep elf mage
 10936 | Bailey   | Noticed a deep elf mage
 10937 | Bailey   | Noticed a deep elf mage
 10937 | Bailey   | Noticed a deep elf mage
 10937 | Bailey   | Noticed a deep elf mage
 10937 | Bailey   | Noticed a deep elf mage
 10937 | Bailey   | Noticed a deep elf mage
 10942 | Bailey   | Killed a deep elf mage
 10944 | Bailey   | Noticed a sun demon
 10944 | Bailey   | Killed a deep elf mage
 10944 | Bailey   | Reached XP level 12. HP: 91/91 MP: 15/15
 10946 | Bailey   | Reached skill level 13 in Axes
 10969 | Bailey   | Killed from afar by a deep elf mage

Levels and vault maps discovered:
D:1:      dpeg_arrival_water_temple_mockup, layout_rooms
D:2:      layout_basic, makhleb_heckhound_becter, uniq_terence, uniq_sigmund
D:3:      layout_loops_ring, evilmike_ruin_ashenzari, first_ration
D:4:      layout_loops_corners
D:5:      layout_layer_cave, enter_ossuary_2, minmay_fire_ice_demons,
          uniq_menkaure, uniq_ijyb
D:6:      layout_rooms, vehumet_crystals, ebering_ghost_rock_garden,
          dk_noncrumbling_3
D:7:      layout_basic, temple_doors_e
D:8:      layout_loops_ring, david_lair_shrubbed, serial_glass, glass_columns_a,
          glass_columns_c, glass_columns_b, glass_columns_c,
          hangedman_decor_points, minmay_holes, uniq_harold
D:9:      layout_gridville, overflow_temple_1_default, minitemple,
          nicolae_overflow_crystal_walls, hangedman_ranch
          [blue_anna_fruit_fields]
D:10:     layout_basic
D:11:     layout_irregular_city, enter_bailey_3
Bailey:   bailey_polearm_3, bailey

Skill      XL: |  1  2  3  4  5  6  7  8  9 10 11 12 |
---------------+-------------------------------------+-----
Fighting       | 4 5 6 7 |  7.3
Axes           | 3 4 5 7 8 10 12 13 | 13.3
Armour         | 4 5 6 8 9 |  9.8
Shields        | 4 5 6 |  6.8
Throwing       | 1 2 3 |  3.2
Invocations    | 2 4 5 |  5.0
Stealth        | |  0.1

Action                   |  1- 3 |  4- 6 |  7- 9 | 10-12 || total
-------------------------+-------+-------+-------+-------++-------
Melee: War axe           |    90 |   138 |   238 |    46 ||   512
       Broad axe         |       |       |   137 |   339 ||   476
       Unarmed           |       |       |       |     3 ||     3
       Hand axe          |       |       |       |     3 ||     3
Throw: Boomerang         |       |       |    28 |     7 ||    35
       Javelin           |       |       |    22 |       ||    22
       Dart              |       |       |       |    31 ||    31
Invok: Lesser Servant of |       |       |       |     3 ||     3
  Use: Scroll            |       |       |    21 |     5 ||    26
       Potion            |       |       |     2 |     2 ||     4
 Stab: Invisible         |       |       |     1 |       ||     1
  Eat: Chunk             |       |     4 |    21 |    26 ||    51
       Ration            |       |       |     1 |     1 ||     2
Armor: Scale mail        |    59 |    49 |   117 |       ||   225
       Chain mail        |       |       |    15 |    13 ||    28
       Plate armour      |       |       |       |   165 ||   165
Dodge: Dodged            |    36 |    54 |    89 |    87 ||   266
Block: Shield            |    43 |    94 |   156 |   204 ||   497

Table legend:
 A = Non-vault XP
 B = Vault XP
 C = Vault XP percentage of total XP
 D = Non-vault monster count
 E = Vault monster count
 F = Vault count percentage of total count
                 A         B        C        D         E       F
            +---------+---------+-------+---------+---------+-------
      Total |   10431 |    6782 |  39.4 |     211 |      42 |  16.6
            +---------+---------+-------+---------+---------+-------
        D:1 |      43 |       0 |   0.0 |      21 |       0 |   0.0
        D:2 |      15 |     306 |  95.3 |      11 |       3 |  21.4
        D:3 |     148 |       0 |   0.0 |      27 |       0 |   0.0
        D:4 |     441 |       0 |   0.0 |      17 |       0 |   0.0
        D:5 |     310 |     269 |  46.5 |      11 |       4 |  26.7
        D:6 |    1448 |       0 |   0.0 |      27 |       0 |   0.0
        D:7 |    1048 |       0 |   0.0 |      17 |       0 |   0.0
        D:8 |     892 |     338 |  27.5 |      24 |       1 |   4.0
        D:9 |    1975 |    2200 |  52.7 |      16 |       8 |  33.3
       D:10 |    4095 |       0 |   0.0 |      39 |       0 |   0.0
       D:11 |      16 |       7 |  30.4 |       1 |       4 |  80.0
    Ossuary |       0 |     288 | 100.0 |       0 |      16 | 100.0
     Bailey |       0 |    3374 | 100.0 |       0 |       6 | 100.0
            +---------+---------+-------+---------+---------+-------
